 Dungeon Crawl Stone Soup version 0.22-a0-40-g3d2f077 (webtiles) character file.

7905 Halberto the Cleaver (level 11, -10/104 HPs)
             Began as a Deep Dwarf Fighter on Jan 5, 2018.
             Was a High Priest of Makhleb.
             Mangled by Snorg (17 damage)
             ... on level 10 of the Dungeon.
             The game lasted 00:27:33 (6618 turns).

Halberto the Cleaver (Deep Dwarf Fighter)           Turns: 6618, Time: 00:27:33

Health: -10/104    AC: 13    Str: 23    XL:     11   Next: 2%
Magic:  13/13      EV:  6    Int:  9    God:    Makhleb [*****.]
Gold:   433        SH:  5    Dex: 12    Spells: 10/10 levels left

rFire    + + .     SeeInvis .   w - +2 hand axe (elec)
rCold    x . .     Gourm    .   (no shield)
rNeg     . . .     Faith    .   F - +1 plate armour {rF+}
rPois    .         Spirit   .   D - +0 helmet
rElec    .         Reflect  +   (no cloak)
rCorr    .         Harm     .   (no gloves)
MR       +....     Rnd*Tele +   (no boots)
Stlth    ..........             v - +5 amulet of reflection
HPRegen  0.00/turn              B - ring of teleportation (curse)
MPRegen  0.13/turn              y - ring of fire

@: lethally poisoned (-10 -> -10), non-regenerating
A: damage resistance, heal wounds, sense surroundings 2, no regeneration
a: Heal Wounds, Minor Destruction, Lesser Servant of Makhleb, Major Destruction,
Greater Servant of Makhleb, Renounce Religion


You were on level 10 of the Dungeon.
You worshipped Makhleb.
Makhleb was extremely pleased with you.
You were hungry.

You visited 1 branch of the dungeon, and saw 10 of its levels.
You also visited: Sewer.

You collected 433 gold pieces.

Inventory:

Hand Weapons
 w - a +2 hand axe of electrocution (weapon)
 J - a +0 battleaxe
Missiles
 h - 10 tomahawks (quivered)
 I - 44 bolts
Armour
 D - a +0 helmet (worn)
 F - a +1 plate armour of fire resistance (worn)
Jewellery
 v - a +5 amulet of reflection (around neck)
 y - a ring of fire (right hand)
 B - a cursed ring of teleportation (left hand)
 H - an uncursed ring of fire
Wands
 a - a wand of iceblast (8)
 g - a wand of paralysis (9)
Scrolls
 b - 6 scrolls of enchant weapon {unknown}
 e - 11 scrolls of remove curse
 i - 9 scrolls of identify
 j - 8 scrolls of amnesia {unknown}
 l - 3 scrolls of enchant armour
 m - 3 scrolls of blinking {unknown}
 p - 3 scrolls of teleportation {unknown}
 q - 3 scrolls of immolation {unknown}
 r - 5 scrolls of fog {unknown}
 t - a scroll of noise {unknown}
 A - 3 scrolls of fear {unknown}
Potions
 c - a potion of mutation {unknown}
 d - 3 potions of might
 k - 2 potions of agility {unknown}
 n - 5 potions of flight {unknown}
 o - 4 potions of curing {unknown}
 u - a potion of invisibility {unknown}
 z - a potion of ambrosia {unknown}
 C - 2 potions of resistance {unknown}
 E - 2 potions of degeneration {unknown}
 G - 2 potions of heal wounds {unknown}
Books
 x - a book of the Tempests

   Spells                             Type                      Level
   a - Static Discharge               Conjuration/Air              3
   b - Lightning Bolt                 Conjuration/Air              5
   c - Ignition                       Fire                         8
   d - Tornado                        Air                          9
   e - Shatter                        Earth                        9
Comestibles
 f - 23 rations
 s - 16 chunks of flesh


   Skills:
 + Level 8.6 Fighting
 * Level 13.3 Axes
 - Level 3.2 Armour
   Level 3.2 Shields
 - Level 10.0 Invocations


You had 10 spell levels left.
You didn't know any spells.

Dungeon Overview and Level Annotations

Branches:
Dungeon (10/15)            Temple (0/1) D:7             Orc (0/2) D:9
   Lair: D:8-11

Altars:
Dithmenos
Elyvilon
Fedhas
Gozag
Makhleb
Nemelex Xobeh
Ru
Trog
Xom

Annotations:
D:5 2 transporters
D:6 exclusion: oklob plant
D:10 Snorg


Innate Abilities, Weirdness & Mutations

You are resistant to damage.
You can heal yourself by infusing magical energy.
You passively map the area around you.
You do not regenerate.


Message History

You block Snorg's attack.
You slash Snorg!
Snorg is moderately wounded.
Snorg bites you!! Snorg claws you! x2
You slash Snorg!
Snorg is moderately wounded.
Snorg bites you! Snorg claws you!
* * * LOW HITPOINT WARNING * * *
Snorg claws you!
* * * LOW HITPOINT WARNING * * *
Snorg bites you. You block Snorg's attack. Snorg claws you!
* * * LOW HITPOINT WARNING * * *
You feel much better. Snorg bites you.
* * * LOW HITPOINT WARNING * * *
Snorg claws you!
* * * LOW HITPOINT WARNING * * *
Snorg claws you!
* * * LOW HITPOINT WARNING * * *
You fail to use your ability.
Snorg bites you!!
You die...

* *,* #.# * * ,* ** *
##.#####.# * * * ,
$)..y....# * * * *
.........#######. ,,
**##.#####......... * *
*, #.# #†######## *< * ,
#.# #.######### * *
#.#####T#........ *
#.(..[..@.####### #.#
#.#####.#.## ####.# #.#
#....# ######.##.# ,,
#/#######..# #..........
* * #..........#
#.##.....#.
######.....####.##.#.....
#......#[)......#....
#........##)##.#..#.. ,
#......####>##.#..###


You could see Snorg (berserk).

Vanquished Creatures
  Pikel (D:8)
  The ghost of terra52 the Ruffian, a novice TrMo of Qazlal (D:5)
  Joseph (D:8)
  Prince Ribbit (D:8)
  2 hippogriffs
  A wyvern (D:9)
  4 yaks (D:9)
  A human (D:9)
  A warg (D:9)
  4 sky beasts
  A black bear (D:8)
  2 ice beasts
  6 orc warriors
  A phantom (D:6)
  A slave (D:8)
  2 necrophages
  6 ogres
  A centaur (D:8)
  4 bullfrogs
  A gnoll sergeant (D:5)
  6 scorpions
  A killer bee (D:10)
  A howler monkey (D:8)
  4 vampire bats (D:4)
  3 crimson imps
  2 centaur zombies (D:8)
  A jelly (D:8)
  A hound (D:10)
  12 orc priests
  2 bullfrog skeletons
  19 orc wizards
  2 centaur skeletons
  5 iguanas
  12 worker ants
  3 hound zombies
  2 hound skeletons
  3 worker ant zombies
  13 gnolls
  A howler monkey skeleton (D:8)
  11 adders
  3 river rats (D:5)
  3 shadow imps
  3 worms
  6 leopard geckos
  52 orcs
  18 bats
  8 giant cockroaches
  7 goblins
  4 hobgoblins
  17 jackals
  A kobold (D:2)
  3 quokkas
  2 ball pythons
  5 frilled lizards
  A jackal skeleton (D:4)
  A jackal zombie (D:7)
  A leopard gecko zombie (D:6)
  A quokka zombie (D:7)
  7 rats
289 creatures vanquished.

Vanquished Creatures (collateral kills)
  An orc warrior (D:9)
  2 ogres (D:9)
  A bullfrog (D:9)
  A gnoll sergeant (D:9)
  An orc wizard (D:9)
  An orc priest (D:9)
  2 gnolls (D:9)
9 creatures vanquished.

Vanquished Creatures (others)
  A slave (D:8)
1 creature vanquished.

Grand Total: 299 creatures vanquished

Notes
Turn   | Place    | Note
-------+----------+-------------------------------------------
     0 | D:1      | Halberto the Deep Dwarf Fighter began the quest for the Orb.
     0 | D:1      | Reached XP level 1. HP: 20/20 MP: 1/1
   305 | D:1      | Reached XP level 2. HP: 27/27 MP: 2/2
   689 | D:2      | Reached skill level 3 in Axes
   696 | D:2      | Reached XP level 3. HP: 32/34 MP: 3/3
   705 | D:2      | Reached skill level 4 in Axes
   715 | D:2      | Reached XP level 4. HP: 38/42 MP: 4/4
   829 | D:2      | Found a faded altar of an unknown god.
  1265 | D:3      | Reached XP level 5. HP: 35/50 MP: 5/5
  1318 | D:3      | Found a burning altar of Makhleb.
  1323 | D:3      | Became a worshipper of Makhleb the Destroyer
  1422 | D:3      | Found a sacrificial altar of Ru.
  1423 | D:3      | Found a shimmering altar of Xom.
  1827 | D:4      | Reached skill level 5 in Axes
  1827 | D:4      | Reached skill level 1 in Invocations
  1931 | D:4      | Reached XP level 6. HP: 36/57 MP: 7/7
  1939 | D:4      | Reached skill level 6 in Axes
  1998 | D:4      | Noticed a hippogriff
  2007 | D:4      | Killed a hippogriff
  2007 | D:4      | Reached XP level 7. HP: 28/66 MP: 9/9
  2137 | D:4      | Reached skill level 7 in Axes
  2282 | D:5      | Entered Level 5 of the Dungeon
  2302 | D:5      | Reached * piety under Makhleb
  2516 | D:5      | Reached skill level 5 in Fighting
  2541 | D:5      | Reached XP level 8. HP: 28/74 MP: 11/11
  2606 | D:5      | Reached skill level 5 in Invocations
  2618 | D:5      | Found a glowing drain.
  2625 | Sewer    | Entered a sewer
  2801 | Sewer    | Reached ** piety under Makhleb
  2939 | D:5      | Reached skill level 8 in Axes
  3066 | D:5      | Noticed terra52's ghost (novice TrMo)
  3079 | D:5      | Killed terra52's ghost
  3131 | D:5      | Reached skill level 9 in Axes
  3224 | D:5      | Found a transporter.
  3228 | D:5      | Found a transporter.
  3237 | D:5      | Found an opulent altar of Gozag.
  3246 | D:5      | Noticed a white ugly thing
  3584 | D:6      | Gained mutation: You passively map the area around you. [Deep Dwarf growth]
  3584 | D:6      | Reached XP level 9. HP: 48/82 MP: 14/14
  3779 | D:6      | Reached skill level 10 in Axes
  4043 | D:6      | Found a blossoming altar of Fedhas.
  4065 | D:6      | Noticed an oklob plant
  4238 | D:7      | Reached *** piety under Makhleb
  4449 | D:7      | Found a staircase to the Ecumenical Temple.
  5057 | D:8      | Reached skill level 11 in Axes
  5113 | D:8      | Noticed Pikel
  5119 | D:8      | Noticed Joseph
  5126 | D:8      | Reached XP level 10. HP: 83/94 MP: 13/13
  5129 | D:8      | Reached **** piety under Makhleb
  5139 | D:8      | Killed Pikel
  5148 | D:8      | Killed Joseph
  5435 | D:8      | Reached skill level 12 in Axes
  5533 | D:8      | Noticed Prince Ribbit
  5543 | D:8      | Killed Prince Ribbit
  5573 | D:8      | Found a sparkling altar of Nemelex Xobeh.
  5576 | D:8      | Found a shadowy altar of Dithmenos.
  5579 | D:8      | Found a bloodstained altar of Trog.
  5582 | D:8      | Found a white marble altar of Elyvilon.
  5733 | D:9      | Found a staircase to the Orcish Mines.
  5738 | D:9      | Reached ***** piety under Makhleb
  5761 | D:9      | Reached skill level 10 in Invocations
  6044 | D:9      | Reached skill level 13 in Axes
  6398 | D:10     | Entered Level 10 of the Dungeon
  6438 | D:10     | Reached XP level 11. HP: 104/104 MP: 14/14
  6577 | D:10     | Noticed Snorg
  6616 | D:10     | HP: 2/104 [Snorg (12)]
  6618 | D:10     | Mangled by Snorg

Vault maps used:
D:1:      ncdulo_wetmaze
D:2:      chequers_ecumenical_altar_simple, first_ration
D:3:      overflow_temple_1_default, minitemple
D:4:      roderic_batcave, kennysheep_another_room
D:5:      gammafunk_temple_overflow_arena, portal_sewer_entry_e
D:6:      tgw_fedhas
D:7:      temple_statues, grunt_ogre_cave
D:8:      grunt_temple_overflow_cloverleaf, uniq_pikel, uniq_joseph,
          uniq_prince_ribbit1
D:9:      erik_orc_4
D:10:     minmay_misc_feat_columns,
          nicolae_gozag_cash_rules_everything_around_me, uniq_harold, uniq_snorg
Sewer:    sewer_fruit_machine

Skill      XL: |  1  2  3  4  5  6  7  8  9 10 |
---------------+-------------------------------+-----
Axes           | 3 4 5 6 7 9 11 13 | 13.3
Fighting       | 3 4 5 6 7 8 |  8.6
Invocations    | 2 3 4 6 8 10 | 10.0
Armour         | |  3.2
Shields        | |  3.2

Action                   |  1- 3 |  4- 6 |  7- 9 | 10-12 || total
-------------------------+-------+-------+-------+-------++-------
Melee: War axe           |    63 |    79 |       |       ||   142
       Hand axe          |       |    48 |   352 |   168 ||   568
       Battleaxe         |       |       |       |   125 ||   125
Throw: Tomahawk          |       |       |     1 |       ||     1
Invok: Minor Destruction |       |       |     2 |     3 ||     5
       Lesser Servant of |       |       |       |     2 ||     2
 Abil: Heal Wounds       |       |     3 |    10 |     8 ||    21
Evoke: Wand              |       |       |     2 |       ||     2
  Use: Scroll            |       |     1 |     1 |       ||     2
  Eat: Chunk             |       |     4 |    10 |     5 ||    19
Armor: Scale mail        |    72 |    30 |    23 |       ||   125
       Ring mail         |       |    27 |    47 |       ||    74
       Plate armour      |       |       |    42 |   147 ||   189
Dodge: Dodged            |    74 |    91 |   101 |    78 ||   344
Block: Shield            |     3 |       |       |       ||     3
       Other             |       |     7 |    60 |    53 ||   120
       Reflection        |       |       |     1 |     1 ||     2

Table legend:
 A = Spawn XP
 B = Non-spawn XP
 C = Spawn XP percentage of total XP
 D = Spawn monster count
 E = Non-spawn monster count
 F = Spawn count percentage of total count
 G = Total turns spent on level
                    A         B        C        D         E        F      G
               +---------+---------+-------+---------+---------+-------+---------
         Total |       0 |   11293 |   0.0 |       0 |     297 |   0.0 |  6618
               +---------+---------+-------+---------+---------+-------+---------
           D:1 |       0 |      18 |   0.0 |       0 |      11 |   0.0 |   687
           D:2 |       0 |     174 |   0.0 |       0 |      34 |   0.0 |   515
           D:3 |       0 |      22 |   0.0 |       0 |       6 |   0.0 |   615
           D:4 |       0 |     770 |   0.0 |       0 |      21 |   0.0 |   465
           D:5 |       0 |    1397 |   0.0 |       0 |      36 |   0.0 |   898
           D:6 |       0 |    1124 |   0.0 |       0 |      29 |   0.0 |   742
           D:7 |       0 |    1062 |   0.0 |       0 |      25 |   0.0 |   791
           D:8 |       0 |    3240 |   0.0 |       0 |      52 |   0.0 |   699
           D:9 |       0 |    2972 |   0.0 |       0 |      55 |   0.0 |   684
          D:10 |       0 |     485 |   0.0 |       0 |      13 |   0.0 |   220
         Sewer |       0 |      29 |   0.0 |       0 |      15 |   0.0 |   302
               +---------+---------+-------+---------+---------+-------+---------
